 Dungeon Crawl Stone Soup version 0.26-a0-682-g294304f6e8 (webtiles) character file.

Game seed: 8187867443341818607

123 jiml777 the Magician (level 4, -1/24 HPs)
             Began as a Deep Elf Air Elementalist on Oct 20, 2020.
             Killed by divine providence
             ... invoked by an orc priest
              (16 damage)
             ... on level 3 of the Dungeon.
             The game lasted 00:23:25 (2843 turns).

jiml777 the Magician (Deep Elf Air Elementalist)    Turns: 2843, Time: 00:23:26

Health: -1/24      AC:  5    Str:  5    XL:     4   Next: 80%
Magic:  9/12       EV: 13    Int: 21    God:
Gold:   159        SH:  0    Dex: 15    Spells: 5/11 levels left

rFire    . . .     SeeInvis .   i - +0 dagger
rCold    . . .     Faith    .   (no shield)
rNeg     . . .     Spirit   .   a - +0 robe
rPois    .         Reflect  .   (no helmet)
rElec    .         Harm     .   (no cloak)
rCorr    .         Rampage  .   (no gloves)
MR       .....     Clarity  +   t - +0 pair of boots
Stlth    ++........             (no amulet)
HPRegen  0.08/turn              (no ring)
MPRegen  0.13/turn              (no ring)

@: no status effects
A: thin metallic scales 1, clarity, wild magic 1
a: no special abilities


You were on level 3 of the Dungeon.
You visited 1 branch of the dungeon, and saw 3 of its levels.

You collected 159 gold pieces.

Inventory:

Hand Weapons
 i - a +0 dagger (weapon)
Missiles
 k - 87 stones (quivered)
Armour
 a - a +0 robe (worn)
 l - a +0 pair of boots
 t - a +0 pair of boots (worn)
Scrolls
 f - 2 scrolls of teleportation
 s - a scroll of fog {unknown}
Potions
 b - a potion of curing
 c - a potion of haste {unknown}
 d - 2 potions of cancellation
 e - 2 potions of mutation
 g - 3 potions of invisibility
 h - a potion of brilliance {unknown}
 j - a potion of degeneration {unknown}
 m - 2 potions of stabbing {unknown}
 n - a potion of resistance {unknown}
 o - a potion of flight {unknown}
 p - a potion of heal wounds {unknown}
 q - a potion of ambrosia {unknown}
 r - a potion of berserk rage {unknown}


   Skills:
 + Level 2.9 Dodging
 + Level 2.9 Stealth
 * Level 4.3 Spellcasting
 * Level 3.1 Conjurations
 * Level 3.6 Air Magic


You had 5 spell levels left.
You knew the following spells:

 Your Spells              Type           Power        Failure   Level
a - Shock                 Conj/Air       ###.         5%          1
b - Swiftness             Air            ####....     6%          2
c - Static Discharge      Conj/Air       ###.....     13%         3

Your spell library contained the following spells:

 Spells                   Type           Power        Failure   Level
 Airstrike                Air            ####......   34%         4
 Lightning Bolt           Conj/Air       ###.......   71%         5


Dungeon Overview and Level Annotations

Branches:
Dungeon (3/15)

Altars:


Innate Abilities, Weirdness & Mutations

You are partially covered in thin metallic scales. (AC +2)
You possess an exceptional clarity of mind.
Your spells are a little harder to cast, but a little more powerful.


Message History

Casting: Shock (safe; 5% risk of failure)
Confirm with . or Enter, or press ? or * to list all spells.
Aiming: Shock (safe; 5% risk of failure)
Press: ? - help, Shift-Dir - straight line, f/p - orc priest
Aim: an orc priest, wielding a +0 flail (moderately wounded)
The zap hits the orc priest.
The orc priest is severely wounded.
An orc wizard comes into view. It is wielding a +1 vampiric dagger.
Casting: Shock (safe; 5% risk of failure)
Confirm with . or Enter, or press ? or * to list all spells.
Press: ? - help, Shift-Dir - straight line, f - orc, p - orc priest
Aim: an orc, wielding a +0 dagger The zap hits the orc priest.
The orc priest is severely wounded.
The zap hits the orc.
The orc is moderately wounded.
The orc priest invokes the aid of Beogh against you.
Beogh smites you!
Ouch! That really hurt!
You die...

.# # .##
###.########..#
..............###
.................
.........@....##
###......o.....#
#......o...#o#
#..........#.##
######..o..#..# #
#........###.###..
#........'........
#........#.#..##.
#........#....<#


You could see an orc priest, 2 orc wizards and an orc.

Vanquished Creatures
  Jessica (D:3)
  3 adders
  An ooze (D:2)
  A worm (D:2)
  A dart slug (D:1)
  3 leopard geckos
  An orc (D:3)
  2 giant cockroaches
  6 goblins
  11 hobgoblins
  2 jackals (D:3)
  2 quokkas
  6 bats
  4 frilled lizards
  8 kobolds
  4 rats (D:2)
56 creatures vanquished.

Notes
Turn   | Place    | Note
-------+----------+-------------------------------------------
     0 | D:1      | jiml777 the Deep Elf Air Elementalist began the quest for
                  | the Orb.
     0 | D:1      | Reached XP level 1. HP: 10/10 MP: 6/6
   478 | D:1      | Reached XP level 2. HP: 15/15 MP: 2/8
  1368 | D:2      | Reached XP level 3. HP: 19/19 MP: 6/9
  1863 | D:2      | Learned a level 2 spell: Swiftness
  1867 | D:2      | Learned a level 3 spell: Static Discharge
  2045 | D:2      | Reached XP level 4. HP: 24/24 MP: 3/11
  2200 | D:2      | Reached skill level 4 in Spellcasting
  2779 | D:3      | Noticed Jessica
  2781 | D:3      | Killed Jessica
  2799 | D:3      | Gained mutation: You are partially covered in thin metallic
                  | scales. (AC +2) [potion of mutation]
  2799 | D:3      | Gained mutation: You possess an exceptional clarity of
                  | mind. [potion of mutation]
  2799 | D:3      | Gained mutation: Your spells are a little harder to cast,
                  | but a little more powerful. [potion of mutation]
  2843 | D:3      | Killed from afar by an orc priest

Illustrated notes

Levels and vault maps discovered:
D:1:      mrwooster_arrival_arrow, layout_loops_corners
D:2:      layout_basic
D:3:      layout_basic, cheibriados_altar_1, kennysheep_jessica_study,
          uniq_crazy_yiuf_cottage

Skill      XL: |  1  2  3  4 |
---------------+-------------+-----
Conjurations   | 2 3 |  3.1
Spellcasting   | 4 |  4.3
Dodging        | |  2.9
Stealth        | |  2.9
Air Magic      | |  3.6

Action                   |  1- 3 |  4- 6 || total
-------------------------+-------+-------++-------
 Cast: Shock             |    88 |    26 ||   114
  Use: Scroll            |       |     7 ||     7
       Potion            |       |     2 ||     2
Armor: Robe              |     2 |       ||     2
Dodge: Dodged            |    18 |    12 ||    30

Table legend: (Time is in decaauts)
 A = Elapsed time spent in this place.
 B = Non-inter-level travel time spent in this place.
 C = Inter-level travel time spent in this place.
 D = Time resting spent in this place.
 E = Time spent auto-exploring this place.
 F = Levels seen in this place.
 G = Mean time per level.
                   A        B        C        D        E       F      G
               +--------+--------+--------+--------+--------+-----+--------+
         Total |   2841 |   2764 |     77 |    941 |   1265 |   3 |  947.0 |
       Dungeon |   2841 |   2764 |     77 |    941 |   1265 |   3 |  947.0 |
               +--------+--------+--------+--------+--------+-----+--------+

Top non-repeatable levels by time:
     D:1: 1363 daAuts
     D:2: 1229 daAuts
     D:3: 248 daAuts
